 Dungeon Crawl Stone Soup version 0.31-b1-18-g61460d1e46 (webtiles) character file.

Game seed: 6472356276144714208

20786 groovy9 the Destroyer (level 12, -1/96 HPs)
             Began as a Deep Elf Conjurer on Jan 16, 2024.
             Was a Believer of Vehumet.
             Slain by a two-headed ogre
             ... wielding a +0 giant club
              (8 damage)
             ... on level 11 of the Dungeon.
             The game lasted 00:54:33 (13539 turns).

groovy9 the Destroyer (Deep Elf Conjurer)          Turns: 13539, Time: 00:54:33

Health: -1/96      AC: 26    Str:  6    XL:     12   Next: 48%
Magic:  4/30       EV:  2    Int: 29    God:    Vehumet [**....]
Gold:   1068       SH:  5    Dex: 13    Spells: 17/35 levels left

rFire   + + +        s - staff of conjuration
rCold   . . .        (no shield)
rNeg    . . .        a - melded +0 robe
rPois   +            (helmet currently unavailable)
rElec   +            t - melded +0 cloak
rCorr   +            z - melded +0 pair of gloves of Rationality {rElec rCorr}
SInv    .            (boots currently unavailable)
Will    +....        j - amulet of reflection
Stlth   +++          y - ring "Ohiejyz" {Fly rElec rF+++ rCorr Str-4}
HPRegen 0.36/turn    B - +6 ring of strength
MPRegen 0.22/turn

%: reflection
@: lethally poisoned (-1 -> -10), tree-form, slowed, very slow
A: stationary, stasis, torment immunity, boosted hp
a: Renounce Religion


You were on level 11 of the Dungeon.
You worshipped Vehumet.
Vehumet was pleased with you.
You were a tree.
You visited 2 branches of the dungeon, and saw 12 of its levels.
You also visited: Sewer and Bailey.

You collected 1308 gold pieces.
You spent 240 gold pieces at shops.

Inventory:

Armour
 a - a +0 robe (melded)
 t - a +0 cloak (melded)
 x - a +2 kite shield
 z - the +0 pair of gloves of Rationality (melded) {rElec rCorr}
   (You acquired it in a bailey)

   rElec:     It insulates you from electricity.
   rCorr:     It protects you from acid and corrosion.
Magical Staves
 s - a staff of conjuration (weapon)
Jewellery
 c - a ring of magical power
 f - a ring of fire
 j - an amulet of reflection (around neck)
 m - a ring of protection from cold
 y - the ring "Ohiejyz" (left branch) {Fly rElec rF+++ rCorr Str-4}
   (You acquired it in a bailey)

   [ring of flight]

   Str-4:     It affects your strength (-4).
   rF+++:     It renders you almost immune to fire.
   rElec:     It insulates you from electricity.
   Fly:       It grants you flight.
   rCorr:     It protects you from acid and corrosion.
 B - a +6 ring of strength (right branch)
Wands
 b - a wand of flame (14)
 g - a wand of polymorph (22)
 r - a wand of light (10)
 G - a wand of iceblast (5)
Scrolls
 e - a scroll of silence
 h - a scroll of amnesia {unknown}
 i - 2 scrolls of teleportation
 l - a scroll of noise {unknown}
 n - a scroll of torment {unknown}
 q - 3 scrolls of fear
 u - 2 scrolls of brand weapon {unknown}
 w - a scroll of revelation
 F - 2 scrolls of blinking {unknown}
Potions
 k - a potion of brilliance
 o - 3 potions of attraction
 p - 2 potions of enlightenment
 v - 2 potions of might {unknown}
 C - a potion of haste
 E - a potion of ambrosia {unknown}
Miscellaneous
 D - a sack of spiders


   Skills:
 + Level 3.0 Fighting
 - Level 3.6 Staves
 + Level 5.2 Dodging
 + Level 5.5 Stealth
 + Level 12.4 Spellcasting
 + Level 14.2 Conjurations
 - Level 12.0 Evocations


You had 17 spell levels left.
You knew the following spells:

 Your Spells              Type           Power      Damage    Failure   Level
a - Magic Dart            Conj           100%       1d8       0%          1
b - Searing Ray           Conj           100%       2d8       0%          2
c - Fulminant Prism       Conj/Alch      36%        3d17      1%          4
d - Iskenderun's Mystic   Conj/Tloc      73%        2d15      1%          4
e - Orb of Destruction    Conj           50%        9d13      7%          7

Your spell library contained the following spells:

 Spells                   Type           Power      Damage    Failure   Level
 Momentum Strike          Conj/Tloc      100%       3d10      1%          2
 Slow                     Hex            72%        N/A       3%          1
 Confusing Touch          Hex            18%        N/A       9%          3
 Sigil of Binding         Hex            18%        N/A       9%          3
 Vampiric Draining        Necr           18%        2d7       9%          3
 Volatile Blastmotes      Fire/Tloc      36%        2d13      9%          3
 Olgreb's Toxic Radiance  Alch           18%        N/A       28%         4
 Summon Blazeheart Golem  Fire/Summ      18%        N/A       28%         4
 Summon Mana Viper        Hex/Summ       18%        N/A       63%         5
 Spellforged Servitor     Conj/Summ      36%        N/A       78%         7
 Ozocubu's Refrigeration  Ice            9%         4d9       100%        7
 Discord                  Hex            9%         N/A       100%        8
 Summon Horrible Things   Summ           9%         N/A       100%        8
 Fire Storm               Conj/Fire      36%        8d9       100%        9


Dungeon Overview and Level Annotations

Branches:
Dungeon (11/15)            Temple (1/1) D:4            Lair (0/5) D:9
  Sewer (visited)          Bailey (visited)
    Orc: D:9-12

Altars:
Ashenzari
Cheibriados
Dithmenos
Elyvilon
Fedhas
Gozag
Hepliaklqana
Kikubaaqudgha
Makhleb
Nemelex Xobeh
Okawaru
Qazlal
Ru
Sif Muna
Trog
Uskayaw
Vehumet
Wu Jian
Xom
Yredelemnul
Zin
The Shining One

Shops:
D:5 :

Annotations:
D:10 exclusion: orange crystal statue
D:11 Erica


Message History

Casting: Iskenderun's Mystic Blast (dangerous; 1% risk of failure)
Confirm with . or Enter, or press ? or * to list all spells.
You feel a surge of power!
You erupt in a blast of force!
The mystic blast hits the two-headed ogre!
The two-headed ogre is heavily wounded.
The two-headed ogre is knocked back by the mystic blast.
The mystic blast hits the troll!
You kill the troll!
Vehumet accepts your kill.
The troll leather armour is intact enough to wear.
Your Fighting skill increases to level 3!
You block the two-headed ogre's attack. The two-headed ogre closely misses you.
The acid dragon barely misses you.
The acid dragon claws you but does no damage.
Things that are here:
a +0 troll leather armour; a troll corpse The two-headed ogre hits you with a +0 giant club!!
The two-headed ogre closely misses you. You block the acid dragon's attack.
The acid dragon claws you but does no damage.
Erica mumbles some strange words.
Erica flickers and vanishes!
Deactivating autopickup; reactivate with Ctrl-A.
The acid dragon bites you. The acid dragon barely misses you.
The acid dragon bites you! The acid dragon barely misses you.
You hear some strange, mumbled words.
A bolt of poison appears from out of thin air!
The bolt of poison hits the acid dragon.
The bolt of poison hits you!!
You are poisoned.
* * * LOW HITPOINT WARNING * * *
Your magical contamination has completely faded away.
Okay, then.
Okay, then.
You turn into a tree.
Your +0 cloak melds into your body.
The +0 pair of gloves of Rationality {rElec rCorr} melds into your body.
Your +0 robe melds into your body.
Your roots penetrate the ground.
* * * LOW HITPOINT WARNING * * *
You feel very sick.
The two-headed ogre hits you with a +0 giant club!
You die...

......................#..
##..................>...#
#####.#.#.........#.....#
.###.....................
.##...#.#........{#....?.
....#..........#..#......
..........##.#.#[..).)<..
.............#.#DO.).##..
........####....♣....#
.......## #...>.....)....
.......#.................
#..........#.............
###........#....##.......
##............# .......
#..........#.. .......
.........#.........


You could see a two-headed ogre and an acid dragon.

Vanquished Creatures
  A boulder beetle (D:7)
  2 two-headed ogres
  Nergalle (D:10)
  2 orc knights (Bailey)
  A manticore (D:11)
  Joseph (D:7)
  Maurice (D:7)
  A gargoyle (D:10)
  5 kobold demonologists
  A komodo dragon (D:9)
  A troll (D:11)
  Grinder (D:3)
  Prince Ribbit (D:7)
  3 wraiths
  3 wyverns
  A basilisk (D:9)
  4 yaks (D:10)
  4 steam dragons
  2 acid dragons (D:10)
  A water moccasin (D:4)
  3 sky beasts
  12 orc warriors
  An ice beast (D:5)
  2 black bears
  An ogre (D:5)
  3 centaurs
  3 kobold brigands
  2 brain worms (Sewer)
  2 bullfrogs
  2 gnoll sergeants
  5 scorpions
  10 killer bees (D:9)
  5 electric eels (Bailey)
  3 howler monkeys
  2 bombardier beetles (D:5)
  4 hounds
  An orc priest (D:8)
  2 gnoll boudas
  A sleepcap (D:7)
  5 orc wizards
  5 iguanas
  23 gnolls
  3 river rats
  7 adders
  A shadow imp (D:7)
  2 white imps
  4 ufetubi (D:7)
  A dart slug (D:3)
  A ribbon worm (D:2)
  25 orcs
  12 ball pythons
  8 endoplasms
  3 giant cockroaches
  9 goblins
  10 hobgoblins
  4 jackals
  3 quokkas
  9 bats
  5 frilled lizards
  17 kobolds
  11 rats
269 creatures vanquished.

Vanquished Creatures (others)
  An angel (D:7)
  32 fulminant prisms
33 creatures vanquished.

Grand Total: 302 creatures vanquished

Notes
Turn   | Place    | Note
-------+----------+-------------------------------------------
     0 | D:1      | groovy9 the Deep Elf Conjurer began the quest for the Orb.
     0 | D:1      | Reached XP level 1. HP: 10/10 MP: 6/6
   406 | D:1      | Reached XP level 2. HP: 15/15 MP: 8/8
   450 | D:1      | Learned a level 2 spell: Searing Ray
   658 | D:1      | Reached skill level 5 in Conjurations
   796 | D:1      | You fall into a shaft and drop 1 floor!
   877 | D:2      | Reached XP level 3. HP: 19/19 MP: 10/10
  1270 | D:2      | Reached XP level 4. HP: 24/24 MP: 12/12
  1962 | D:3      | Reached skill level 6 in Conjurations
  2095 | D:3      | Found a glowing drain.
  2103 | D:3      | Reached XP level 5. HP: 21/28 MP: 14/14
  2168 | Sewer    | Entered a sewer
  2178 | Sewer    | Reached skill level 5 in Spellcasting
  2232 | Sewer    | Learned a level 4 spell: Fulminant Prism
  2237 | Sewer    | Learned a level 4 spell: Iskenderun's Mystic Blast
  2269 | Sewer    | Reached skill level 7 in Conjurations
  2269 | Sewer    | Reached XP level 6. HP: 28/32 MP: 15/16
  3266 | D:3      | Noticed Grinder
  3271 | D:3      | Paralysed by Grinder for 5 turns
  3278 | D:3      | Killed Grinder
  3279 | D:3      | Reached skill level 8 in Conjurations
  3279 | D:3      | Reached XP level 7. HP: 36/36 MP: 19/19
  3370 | D:3      | Got Otiedohie's Almanac of the Tesseract and Mustering
  3822 | D:4      | Reached skill level 1 in Evocations
  3961 | D:4      | Reached skill level 9 in Conjurations
  4001 | D:4      | Found a staircase to the Ecumenical Temple.
  4010 | Temple   | Entered the Ecumenical Temple
  4376 | D:5      | Entered Level 5 of the Dungeon
  4426 | D:4      | Reached XP level 8. HP: 35/41 MP: 21/21
  4639 | D:5      | Found a broken altar of Ashenzari.
  4640 | D:5      | Found a stormy altar of Qazlal.
  5122 | D:5      | Reached skill level 10 in Conjurations
  5160 | D:5      | Found Jeudaw's Tiny Tomes.
  5964 | D:6      | Reached XP level 9. HP: 45/45 MP: 23/23
  6282 | D:7      | Noticed Maurice
  6288 | D:7      | Killed Maurice
  6289 | D:7      | Reached skill level 1 in Staves
  6289 | D:7      | Reached skill level 11 in Conjurations
  6294 | D:7      | Reached skill level 5 in Evocations
  6446 | D:7      | Noticed Joseph
  6460 | D:7      | Killed Joseph
  6569 | D:7      | Found a glowing golden altar of the Shining One.
  6579 | D:7      | Found a bloodstained altar of Trog.
  6618 | D:7      | Noticed Prince Ribbit
  6627 | D:7      | Killed Prince Ribbit
  6636 | D:7      | Reached skill level 10 in Spellcasting
  6722 | D:7      | Killed an angel
  6731 | D:7      | Found a glowing silver altar of Zin.
  6731 | D:7      | Found a shimmering altar of Xom.
  6764 | D:7      | Reached skill level 12 in Conjurations
  6793 | D:7      | Noticed a boulder beetle
  6809 | D:7      | HP: 2/45 [boulder beetle (43)]
  6819 | D:7      | Killed a boulder beetle
  6820 | D:7      | Reached XP level 10. HP: 6/50 MP: 14/26
  7900 | D:8      | Found a radiant altar of Vehumet.
  7923 | D:8      | Became a worshipper of Vehumet
  8409 | D:5      | Bought Cerebov's Anthology of the Torch for 240 gold pieces
  8570 | D:9      | Found a flagged portal.
  8609 | D:9      | Found a shimmering blue altar of Sif Muna.
  8724 | Bailey   | Entered a bailey
  8774 | Bailey   | Reached skill level 13 in Conjurations
  8989 | Bailey   | Noticed an orc knight
  8999 | Bailey   | Killed an orc knight
  9102 | Bailey   | Reached * piety under Vehumet
  9102 | Bailey   | Offered knowledge of Kiss of Death by Vehumet.
  9435 | Bailey   | Noticed an orc knight
  9447 | Bailey   | Killed an orc knight
  9665 | Bailey   | Found an iron altar of Okawaru.
  9690 | Bailey   | Reached XP level 11. HP: 54/54 MP: 28/28
  9900 | Bailey   | Acquired the +0 pair of gloves of Rationality {rElec rCorr}
  9907 | Bailey   | Acquired 732 gold pieces
  9908 | Bailey   | Acquired the ring "Ohiejyz" {Fly rElec rF+++ rCorr Str-4}
 10665 | D:9      | Reached skill level 1 in Fighting
 10668 | D:9      | Noticed a two-headed ogre
 10674 | D:9      | Killed a two-headed ogre
 10675 | D:9      | Reached XP level 12. HP: 20/61 MP: 14/29
 11054 | D:9      | Found a staircase to the Lair.
 11313 | D:10     | Entered Level 10 of the Dungeon
 11321 | D:10     | Noticed Nergalle
 11326 | D:10     | Killed Nergalle
 11430 | D:10     | Reached ** piety under Vehumet
 11431 | D:10     | Reached skill level 14 in Conjurations
 11573 | D:10     | Offered knowledge of Momentum Strike by Vehumet.
 11686 | D:10     | Noticed a two-headed ogre
 11873 | D:10     | Found an opulent altar of Gozag.
 12133 | D:10     | Found a blossoming altar of Fedhas.
 12490 | D:10     | Reached skill level 5 in Stealth
 12896 | D:10     | Learned a level 7 spell: Orb of Destruction
 13513 | D:11     | Noticed a two-headed ogre
 13518 | D:11     | Reached skill level 5 in Dodging
 13520 | D:11     | Killed a two-headed ogre
 13524 | D:11     | Noticed a two-headed ogre
 13531 | D:11     | Noticed Erica
 13539 | D:11     | Slain by a two-headed ogre

Illustrated notes

Levels and vault maps discovered:
D:1:      saegor_arrival_simple_a, layout_loops_cross, palyth_stone_intersect
D:2:      wad_river_or_something, layout_rooms, kennysheep_nub,
          nicolae_kite_square_tiling_tiny
D:3:      layout_rooms, portal_sewer_entry_b, uniq_grinder
D:4:      layout_gridville, minmay_temple_entry_trees
D:5:      layout_rooms, nicolae_overflow_squiral, minmay_misc_feat_rugged,
          nicolae_shop_i_like_small_books_too
D:6:      layout_loops_cross
D:7:      layout_cave_pools, grunt_temple_overflow_order_and_chaos_1,
          tso_oasis_becter, mainiacjoe_overflow_cross_hatched,
          serial_bayou_lagoon_a, uniq_maurice, uniq_joseph, uniq_prince_ribbit1
D:8:      layout_loops_ring, mainiacjoe_overflow_catwalk
D:9:      layout_loops_cross, old_standard_altar, david_lair_shrubbed,
          enter_bailey_8
D:10:     layout_layer_cave, grunt_gozag_breadcrumbs, fedhas_altar_1,
          minivault_16, uniq_nergalle
D:11:     layout_cave_pools, serial_glass, glass_columns_b, glass_columns_a,
          feat_on_display, feat_on_display, ebering_ghost_inner_flame,
          uniq_erica
Temple:   nicolae_temple_slightly_damp_pantheon

Skill      XL: |  1  2  3  4  5  6  7  8  9 10 11 12 |
---------------+-------------------------------------+-----
Conjurations   | 5 6 7 8 9 10 12 13 14 | 14.2
Spellcasting   | 4 5 6 7 8 10 11 12 | 12.4
Evocations     | 2 4 6 12 | 12.0
Staves         | 3 |  3.6
Stealth        | 3 5 |  5.5
Dodging        | 3 5 |  5.2
Fighting       | 1 3 |  3.0

Action                     |  1- 3 |  4- 6 |  7- 9 | 10-12 || total
---------------------------+-------+-------+-------+-------++-------
  Melee: Staff             |       |    14 |       |     2 ||    16
   Cast: Magic Dart        |    49 |    46 |    99 |    58 ||   252
         Searing Ray       |    12 |    29 |    54 |    68 ||   163
         Iskenderun's Myst |       |       |    22 |    70 ||    92
         Fulminant Prism   |       |       |     3 |    29 ||    32
    Use: Scroll            |       |       |    12 |     8 ||    20
         Potion            |       |       |     9 |     8 ||    17
 Armour: Robe              |       |     4 |    42 |    75 ||   121
         Skin              |       |       |       |     1 ||     1
  Dodge: Dodged            |     2 |    12 |    31 |    63 ||   108
  Block: Other             |       |       |       |     2 ||     2
